Map: Rohana LE

Players

Celtrim

  • Race: Zerg Zerg
  • Spawn Location: 3:00

Spontic

  • Race: Terran Terran
  • Spawn Location: 5:00

Nyck

  • Race: Terran Terran
  • Spawn Location: 11:00

Ekelpack

  • Race: Zerg Zerg
  • Spawn Location: 9:00

VOD

Have the link to the VOD?

Description

Time

  • Played on: Nov. 27, 2024, 1:01 p.m.
  • Length: 3:59
Show
View Real Time Build Order
Export as new Build Order

Celtrim Zerg 

Build Orders: Hatch First 

Get SALT Encoding   

  12  0:02  Drone  
  13  0:11  Drone  
  14  0:22  Extractor  
  14  0:27  Drone  
  15  0:47  Overlord  
  15  0:49  Hatchery  
  14  0:51  Extractor  
  14  0:54  Drone  
  14  1:09  Spawning Pool  
  13  1:11  Drone  
  13  1:15  Drone  
  13  1:18  Drone  
  16  1:28  Drone  
  17  1:37  Drone  
  18  1:49  Drone  
  19  1:56  Metabolic Boost  
  19  1:57  Queen  
  21  2:04  Queen  
  23  2:15  Overlord  
  23  2:16  Zergling x2  
  24  2:24  Zergling x2  
  24  2:25  Zergling x2  
  26  2:32  Baneling Nest  
  26  2:33  Zergling x2  
  26  2:36  Zergling x2  
  27  2:47  Zergling x4  
  27  2:48  Zergling x4  
  31  3:00  Zergling x4  
  33  3:07  Zergling x2  
  33  3:12  Zergling x4  
  36  3:14  Overlord  
  36  3:18  Overlord  
  36  3:35  Zergling x12  
Show
View Real Time Build Order
Export as new Build Order

Spontic Terran 

Build Orders:  

Get SALT Encoding   

  12  0:00  SCV  
  13  0:12  SCV  
  14  0:25  SCV  
  14  0:26  Supply Depot  
  15  0:48  SCV  
  16  0:50  Barracks  
  16  0:56  Barracks  
  16  1:00  SCV  
  17  1:13  Refinery  
  17  1:17  SCV  
  18  1:24  Supply Depot  
  18  1:29  SCV  
  19  1:37  Marine  
  20  1:43  Marine  
  21  1:48  SCV  
  22  1:57  Marine  
  22  2:00  SCV  
  24  2:06  Supply Depot  
  24  2:10  Marine  
  25  2:19  Marine  
  26  2:40  Marine  
  26  2:41  Marine  
  28  2:44  Command Center  
  28  2:49  Orbital Command  
  28  2:54  Factory  
  28  3:08  Marine x2  
  30  3:14  Engineering Bay  
  30  3:27  Barracks Tech Lab, Barracks Reactor  
  30  3:31  SCV  
Show
View Real Time Build Order
Export as new Build Order

Nyck Terran 

Build Orders:  

Get SALT Encoding   

  12  0:00  SCV  
  13  0:12  SCV  
  14  0:17  Supply Depot  
  14  0:24  SCV  
  15  0:39  SCV  
  15  0:40  Barracks  
  16  0:46  Refinery  
  16  0:51  SCV  
  17  1:04  SCV, Barracks  
  18  1:17  SCV  
  19  1:20  Refinery  
  19  1:27  Supply Depot  
  19  1:30  Barracks Tech Lab  
  19  1:38  Orbital Command  
  19  1:55  Marauder  
  19  1:59  Barracks Reactor  
  21  2:04  Concussive Shells  
  21  2:05  SCV  
  22  2:17  SCV  
  22  2:18  Marauder  
  25  2:28  Supply Depot  
  25  2:33  SCV  
  25  2:36  Marine x2  
  28  2:39  Marine  
  29  2:45  SCV  
  30  2:56  Factory  
  30  2:57  SCV  
  31  2:58  Marine x2  
  31  2:59  Marine  
  34  3:14  Engineering Bay  
  34  3:16  SCV  
  34  3:18  Marine x2  
  34  3:19  Marine  
  38  3:26  Supply Depot  
Show
View Real Time Build Order
Export as new Build Order

Ekelpack Zerg 

Build Orders: Hatch First 

Get SALT Encoding   

  12  0:00  Drone  
  13  0:12  Overlord  
  13  0:17  Drone  
  14  0:31  Drone  
  15  0:44  Hatchery  
  15  0:47  Drone  
  15  1:02  Spawning Pool  
  14  1:05  Drone  
  14  1:08  Extractor  
  14  1:12  Drone  
  14  1:14  Drone  
  16  1:18  Drone  
  17  1:27  Drone  
  18  1:39  Drone  
  19  1:50  Queen  
  21  1:55  Zergling x2  
  21  2:00  Queen  
  24  2:06  Drone  
  25  2:09  Drone  
  26  2:15  Overlord  
  26  2:17  Drone  
  27  2:26  Lair  
  27  2:31  Drone  
  27  2:47  Drone x2  
  27  2:50  Drone, Extractor  
  27  2:51  Drone x2  
  31  2:54  Extractor  
  31  2:55  Drone  
  31  3:03  Drone x3  
  31  3:05  Drone  
  35  3:10  Overlord  
  35  3:21  Overlord  
  35  3:29  Spire  
  34  3:38  Zergling x4  
  34  3:39  Zergling x8  
Tags
 
Add a new tag
Caveats
  • Supply blocks, unpowered buildings, or Contaminate may cause inaccurate times.
  • Supply counts are checked every 10 seconds.